 Dungeon Crawl Stone Soup version 0.28.0 (webtiles) character file.

Game seed: 12510552746801930593

35 trckry the Caller (level 3, 31/31 HPs)
             Began as an Ogre Summoner on Feb 16, 2022.
             Quit the game on level 1 of the Dungeon.
             The game lasted 00:06:47 (1574 turns).

trckry the Caller (Ogre Summoner)                   Turns: 1574, Time: 00:06:48

Health: 31/31      AC:  3    Str: 12    XL:     3   Next: 33%
Magic:  7/7        EV: 10    Int: 18    God:
Gold:   23         SH:  0    Dex:  9    Spells: 1/7 levels left

rFire   + . .      SeeInvis .   c - staff of fire
rCold   . . .      Faith    .   (no shield)
rNeg    . . .      Spirit   .   a - +0 robe
rPois   .          Reflect  .   (helmet restricted)
rElec   .          Harm     .   (no cloak)
rCorr   .          Rampage  .   (gloves unavailable)
Will    .....                   (boots unavailable)
Stlth   ++........              (no amulet)
HPRegen 0.10/turn               (no ring)
MPRegen 0.10/turn               (no ring)

@: no status effects
A: large, unfitting armour, tough skin 1
a: no special abilities


You were on level 1 of the Dungeon.
You visited 1 branch of the dungeon, and saw 2 of its levels.

You collected 23 gold pieces.

Inventory:

Armour
 a - a +0 robe (worn)
Magical Staves
 c - a staff of fire (weapon)
Scrolls
 b - 2 scrolls of identify {unknown}
 e - a scroll of vulnerability {unknown}
Potions
 d - 2 potions of curing {unknown}


   Skills:
 - Level 2.1 Dodging
 + Level 1.7 Stealth
 + Level 2.8 Spellcasting
 * Level 4.0 Summonings


You had one spell level left.
You knew the following spells:

 Your Spells              Type           Power      Damage    Failure   Level
a - Summon Small Mammal   Summ           68%        N/A       3%          1
b - Call Imp              Summ           17%        N/A       4%          2
c - Call Canine Familiar  Summ           17%        N/A       10%         3

Your spell library contained the following spells:

 Spells                   Type           Power      Damage    Failure   Level
 Summon Guardian Golem    Hex/Summ       9%         N/A       22%         3
 Summon Lightning Spire   Summ/Air       9%         N/A       56%         4


Dungeon Overview and Level Annotations

Branches:
Dungeon (2/15)

Altars:
Elyvilon

Shops:
D:1 !


Innate Abilities, Weirdness & Mutations

You are too large for most types of armour.
You have tough skin. (AC +1)


Message History

You cannot tell which god this altar belongs to.
Convert to them anyway?
Elyvilon accepts your prayer! Elyvilon welcomes you!
You can now purify yourself.
You swap places.
Done exploring.
Your quokka disappears in a puff of smoke!
There is a stone staircase leading down here.
You climb downwards.
There is a stone staircase leading up here.
Casting: Summon Small Mammal (safe; 3% risk of failure)
Confirm with . or Enter, or press ? or * to list all spells.
Casting this spell will place you under penance.
Really cast?
Okay, then.
The giant cockroach closely misses you.
You climb upwards.
There is a stone staircase leading down here.
You hit the giant cockroach but do no damage.
The giant cockroach misses you.
You hit the giant cockroach.
The giant cockroach is heavily wounded.
The giant cockroach bites you but does no damage.
The giant cockroach bites you.
You barely miss the giant cockroach.
The giant cockroach is heavily wounded.
The giant cockroach bites you but does no damage.
You closely miss the giant cockroach.
The giant cockroach is heavily wounded.
The giant cockroach bites you but does no damage.
You hit the giant cockroach.
You kill the giant cockroach!
You see here a giant cockroach corpse.
Really renounce your faith, foregoing its fabulous benefits?
Are you sure?
You have lost your religion!
You see here a giant cockroach corpse.
There is a stone staircase leading down here.
Unknown command.
Unknown command.
Are you sure you want to abandon this character and quit the game? (Confirm with "yes".)

###.### #.##...#...#.
#.....# #.....###.###
#.#.#.######...#...#.
#.#.#.##.....8...8...
#...#.##.............
#..##.##.............
#.....##......####.#.
##..†###......####.#.
###@# ######..†.†)#.
#.# ########. #.#
######. #.# #......
##.###### #.#####
#.......# #.# #.
#..####.# ##)## #.
#....##.####...# #.
#.##...........# #.


There were no monsters in sight!

Vanquished Creatures
  A giant cockroach (D:1)
1 creature vanquished.

Vanquished Creatures (collateral kills)
  A gnoll (D:1)
  3 endoplasms (D:1)
  2 giant cockroaches (D:1)
  A goblin (D:1)
  3 hobgoblins (D:1)
  A quokka (D:1)
  3 ball pythons (D:1)
  A bat (D:1)
  2 frilled lizards (D:1)
  2 kobolds (D:1)
  4 rats (D:1)
23 creatures vanquished.

Grand Total: 24 creatures vanquished

Notes
Turn   | Place    | Note
-------+----------+-------------------------------------------
     0 | D:1      | trckry the Ogre Summoner began the quest for the Orb.
     0 | D:1      | Reached XP level 1. HP: 16/16 MP: 3/3
   132 | D:1      | Reached XP level 2. HP: 8/24 MP: 0/5
   398 | D:1      | Learned a level 2 spell: Call Imp
   789 | D:1      | Found Jefualer's Distillery.
  1122 | D:1      | Reached skill level 4 in Summonings
  1122 | D:1      | Reached XP level 3. HP: 31/31 MP: 2/7
  1126 | D:1      | Learned a level 3 spell: Call Canine Familiar
  1455 | D:1      | Found a faded altar of an unknown god.
  1479 | D:1      | Prayed at the altar of an unknown god.
  1479 | D:1      | Became a worshipper of Elyvilon the Healer
  1479 | D:1      | Reached * piety under Elyvilon
  1566 | D:1      | Fell from the grace of Elyvilon
  1574 | D:1      | Quit the game

Illustrated notes

Levels and vault maps discovered:
D:1:      doesnt_arrival_eight_statues, layout_loops_cross, serial_shops, shop,
          shapermc_ecumenical_altar_pompeii, minmay_misc_feat_four_crosses
D:2:      layout_loops_ring, basic_altar, uniq_jessica, uniq_natasha, uniq_robin

Skill      XL: |  1  2 |
---------------+-------+-----
Dodging        | 2 |  2.1
Summonings     | 4 |  4.0
Stealth        | |  1.7
Spellcasting   | |  2.8

Action                   || total
-------------------------++-------
Melee: Staff             ||     5
 Cast: Summon Small Mamm ||    45
Invok: Renounce Religion ||     1
Armor: Robe              ||    18
Dodge: Dodged            ||    38
